 Dungeon Crawl Stone Soup version 0.29-a0-473-gacb4ef3bc5 (webtiles) character file.

Game seed: 10406681572322541949

2131 Bruhh the Fighter (level 9, -3/101 HPs)
             Began as an Ogre Transmuter on May 23, 2022.
             Killed by nerve-wracking pain
             ... invoked by a shadow imp
              (8 damage)
             ... on level 6 of the Dungeon.
             The game lasted 00:08:43 (7333 turns).

Bruhh the Fighter (Ogre Transmuter)                 Turns: 7333, Time: 00:08:44

Health: -3/101     AC:  4    Str: 22    XL:     9   Next: 30%
Magic:  16/16      EV:  9    Int: 18    God:
Gold:   345        SH:  0    Dex:  9    Spells: 12/18 levels left

rFire   . . .      SeeInvis .     - Unarmed
rCold   . . .      Faith    .   (no shield)
rNeg    . . .      Spirit   .   a - +0 robe
rPois   .          Reflect  .   v - +1 hat
rElec   .          Harm     .   (no cloak)
rCorr   .          Rampage  .   (gloves unavailable)
Will    .....      Rage     3%  (boots unavailable)
Stlth   +.........              (no amulet)
HPRegen 0.26/turn               u - +6 ring of strength
MPRegen 0.15/turn               y - ring of wizardry

@: no status effects
A: large, unfitting armour, tough skin 1, talons 1, berserk 2, screaming 1
a: no special abilities


You were on level 6 of the Dungeon.
You visited 1 branch of the dungeon, and saw 6 of its levels.

You collected 345 gold pieces.

Inventory:

Armour
 a - a +0 robe (worn)
 s - a +0 kite shield
 v - a +1 hat (worn)
 A - +0 ice dragon scales
Jewellery
 u - a +6 ring of strength (left hand)
 y - a ring of wizardry (right hand)
 z - a ring of poison resistance
 B - an amulet of magic regeneration
Wands
 g - a wand of flame (8)
Scrolls
 e - a scroll of fear
 f - a scroll of enchant weapon {unknown}
 i - 2 scrolls of amnesia {unknown}
 k - a scroll of noise {unknown}
 n - 3 scrolls of teleportation
 o - a scroll of vulnerability {unknown}
 q - 3 scrolls of fog
 r - 2 scrolls of blinking {unknown}
 t - 3 scrolls of magic mapping {unknown}
 C - 3 scrolls of brand weapon {unknown}
 D - a scroll of acquirement {unknown}
Potions
 b - 2 potions of lignification
 c - a potion of mutation
 d - 2 potions of haste
 h - 2 potions of degeneration
 j - 2 potions of might {unknown}
 l - a potion of curing {unknown}
 p - 2 potions of magic {unknown}
 w - a potion of ambrosia {unknown}
 x - a potion of attraction {unknown}
 E - a potion of flight {unknown}


   Skills:
 - Level 10.0 Fighting
 - Level 1.7 Dodging
 + Level 7.4 Unarmed Combat
 - Level 5.0 Spellcasting
 + Level 1.9 Translocations
 - Level 3.0 Transmutations


You had 12 spell levels left.
You knew the following spells:

 Your Spells              Type           Power      Damage    Failure   Level
a - Beastly Appendage     Tmut           30%        N/A       1%          1
b - Spider Form           Tmut/Pois      9%         N/A       9%          3
c - Blink                 Tloc           22%        N/A       3%          2

Your spell library contained the following spells:

 Spells                   Type           Power      Damage    Failure   Level
 Wereblood                Tmut           15%        N/A       2%          2
 Lesser Beckoning         Tloc           11%        N/A       8%          3
 Dazzling Flash           Conj/Hex       8%         N/A       16%         3
 Ice Form                 Ice/Tmut       9%         N/A       26%         4
 Hailstorm                Conj/Ice       4%         3d4       45%         4
 Manifold Assault         Tloc           11%        N/A       52%         5
 Agony                    Necr           4%         N/A       78%         5
 Silence                  Hex/Air        2%         N/A       78%         5
 Simulacrum               Ice/Necr       2%         N/A       100%        6


Dungeon Overview and Level Annotations

Branches:
Dungeon (6/15)
 Temple: D:4-7

Altars:
Kikubaaqudgha
Vehumet

Shops:
D:1 *   D:6 [


Innate Abilities, Weirdness & Mutations

You are too large for most types of armour.
You have tough skin. (AC +1)
You have sharp toenails.
You often lose your temper in combat.
You occasionally shout uncontrollably at your foes.


Message History

The shadow imp grinds its teeth.
Training target 10.0 for Fighting reached!
Your Fighting skill increases to level 10!
The black bear bites you.
The black bear claws you but does no damage.
The black bear misses you.
You barely miss the black bear. The black bear bites you!
The black bear closely misses you. The black bear completely misses you.
You hit the gargoyle but do no damage.
Your transformation is almost over.
The black bear bites you. The black bear closely misses you.
The black bear claws you but does no damage.
The gargoyle hits you with a +0 flail!!
You are too injured to fight recklessly!
You are too injured to fight recklessly!
You hit the gargoyle but do no damage. You hit the gargoyle but do no damage.
The black bear bites you. The black bear claws you. x2
The gargoyle hurls a stone arrow at you.
The stone arrow hits you!
* * * LOW HITPOINT WARNING * * *
Unknown command.
You feel much better. The black bear bites you. The black bear claws you. x2
The gargoyle hurls a stone arrow at you.
The stone arrow hits you!
* * * LOW HITPOINT WARNING * * *
The shadow imp gestures at you. You resist with significant effort.
The gargoyle attacks as you move away! The gargoyle closely misses you.
The gargoyle hurls a stone arrow at you.
The stone arrow hits you!!
* * * LOW HITPOINT WARNING * * *
The shadow imp grins evilly.
Your transformation has ended.
Your +1 hat unmelds from your body.
Your +0 robe unmelds from your body.
The shadow imp gestures at you. You resist with significant effort.
The shadow imp gestures at you. Pain shoots through your body!
You die...

#.# ## #.
.. #. # #.
#.##.##
###.#...#
#.....#@#
#...#
######
##.##
#..... #.#
#.#### #5#
#..###
#.####9##
#†##..
#.......#
#####.#...
#####...##
#.....#...
#..>..#
#.######..


You could see a gargoyle and a shadow imp.

Vanquished Creatures
  Sigmund (D:3)
  A yak (D:5)
  A water moccasin (D:5)
  An orc warrior (D:6)
  A sky beast (D:6)
  4 black bears
  An ice beast (D:6)
  2 ogres
  2 phantoms
  4 scorpions
  A hound (D:6)
  A jelly (D:5)
  2 orc priests
  A gnoll shaman (D:6)
  4 iguanas
  Jessica (D:3)
  2 orc wizards (D:5)
  8 adders
  A white imp (D:6)
  A dart slug (D:3)
  19 orcs
  7 ball pythons
  3 bats
  10 endoplasms
  3 giant cockroaches
  8 goblins
  11 hobgoblins
  3 jackals (D:3)
  3 quokkas
  5 frilled lizards
  8 kobolds
  7 rats
127 creatures vanquished.

Notes
Turn   | Place    | Note
-------+----------+-------------------------------------------
     0 | D:1      | Bruhh the Ogre Transmuter began the quest for the Orb.
     0 | D:1      | Reached XP level 1. HP: 19/19 MP: 3/3
   242 | D:1      | Found Ahecolav's Assorted Antiques.
   270 | D:1      | Reached XP level 2. HP: 28/28 MP: 3/5
   467 | D:1      | Reached skill level 2 in Fighting
   748 | D:2      | Reached XP level 3. HP: 32/35 MP: 5/7
  1286 | D:2      | You fall into a shaft and drop 2 floors!
  1559 | D:3      | Reached XP level 4. HP: 44/44 MP: 6/8
  1585 | D:3      | Found a faded altar of an unknown god.
  2119 | D:3      | Noticed Jessica
  2124 | D:3      | Killed Jessica
  2125 | D:3      | Reached skill level 3 in Fighting
  2219 | D:3      | Reached XP level 5. HP: 21/53 MP: 10/10
  2716 | D:2      | Learned a level 3 spell: Spider Form
  3030 | D:3      | Noticed Sigmund
  3045 | D:3      | Killed Sigmund
  3046 | D:3      | Reached skill level 4 in Fighting
  3046 | D:3      | Reached XP level 6. HP: 41/63 MP: 2/12
  4243 | D:4      | Reached skill level 5 in Fighting
  4450 | D:4      | Reached XP level 7. HP: 63/72 MP: 8/13
  4786 | D:4      | Found an ancient bone altar of Kikubaaqudgha.
  4786 | D:4      | Found a radiant altar of Vehumet.
  5186 | D:5      | Entered Level 5 of the Dungeon
  5214 | D:5      | Reached skill level 5 in Spellcasting
  5249 | D:5      | Reached skill level 6 in Fighting
  5249 | D:5      | Reached skill level 5 in Unarmed Combat
  5419 | D:5      | Gained mutation: You tend to lose your temper in combat.
                  | [potion of mutation]
  5419 | D:5      | Gained mutation: You occasionally shout uncontrollably at
                  | your foes. [potion of mutation]
  5419 | D:5      | Gained mutation: You often lose your temper in combat.
                  | [potion of mutation]
  5419 | D:5      | Gained mutation: You have sharp toenails. [potion of
                  | mutation]
  5422 | D:5      | Reached skill level 7 in Fighting
  5422 | D:5      | Reached XP level 8. HP: 48/87 MP: 11/15
  6384 | D:6      | Found Buituf's Antique Armour Shop.
  6441 | D:6      | Noticed a yak
  6460 | D:5      | Killed a yak
  6461 | D:5      | Reached skill level 8 in Fighting
  6902 | D:6      | Reached skill level 9 in Fighting
  6981 | D:6      | Reached XP level 9. HP: 98/100 MP: 13/16
  6984 | D:6      | Learned a level 2 spell: Blink
  7083 | D:6      | Reached skill level 1 in Translocations
  7313 | D:6      | Noticed a gargoyle
  7320 | D:6      | Reached skill level 10 in Fighting
  7328 | D:6      | HP: 4/101 [gargoyle/stone arrow (26)]
  7333 | D:6      | Killed from afar by a shadow imp

Illustrated notes

Levels and vault maps discovered:
D:1:      giann_horns, layout_basic, serial_shops, nicolae_shop_waterfront
D:2:      layout_loops_ring, chequers_serial_rivers_small_a,
          minmay_joined_circles
D:3:      layout_loops_ring, hellmonk_ecumenical_altar_run_dry, uniq_sigmund,
          uniq_jessica
D:4:      layout_loops_corners, gammafunk_temple_overflow_wave, hex_tiny
D:5:      layout_basic, hex_large, amcnicky_mini_corridor_feature
D:6:      minmay_bubble_buster, layout_loops_ring, serial_shops,
          nicolae_square_shop

Skill      XL: |  1  2  3  4  5  6  7  8  9 |
---------------+----------------------------+-----
Transmutations | 2 3 |  3.0
Fighting       | 2 3 4 5 7 9 10 | 10.0
Unarmed Combat | 3 4 5 7 |  7.4
Spellcasting   | 3 4 5 |  5.0
Translocations | 1 |  1.9
Dodging        | |  1.7

Action                   |  1- 3 |  4- 6 |  7- 9 || total
-------------------------+-------+-------+-------++-------
Melee: Unarmed           |   103 |   133 |   126 ||   362
       Headbutt          |    14 |    13 |     2 ||    29
       Kick              |    15 |    23 |     4 ||    42
       Punch             |     2 |     2 |       ||     4
 Cast: Beastly Appendage |    25 |    29 |    19 ||    73
       Spider Form       |       |     3 |    20 ||    23
  Use: Potion            |       |       |     5 ||     5
       Scroll            |       |       |     4 ||     4
Armor: Robe              |    31 |    25 |     4 ||    60
       Skin              |       |       |    17 ||    17
Dodge: Dodged            |    46 |    48 |    98 ||   192

Table legend: (Time is in decaauts)
 A = Elapsed time spent in this place.
 B = Non-inter-level travel time spent in this place.
 C = Inter-level travel time spent in this place.
 D = Time resting spent in this place.
 E = Time spent auto-exploring this place.
 F = Levels seen in this place.
 G = Mean time per level.
                   A        B        C        D        E       F      G
               +--------+--------+--------+--------+--------+-----+--------+
         Total |   7315 |   7176 |    139 |   1033 |   5091 |   6 | 1219.2 |
       Dungeon |   7315 |   7176 |    139 |   1033 |   5091 |   6 | 1219.2 |
               +--------+--------+--------+--------+--------+-----+--------+

Top non-repeatable levels by time:
     D:3: 1970 daAuts
     D:4: 1498 daAuts
     D:5: 1400 daAuts
     D:2: 1001 daAuts
     D:6: 744 daAuts
     D:1: 700 daAuts
